 Dungeon Crawl Stone Soup version 0.30-a0-672-gc3a7216ad8 (webtiles) character file.

Game seed: 11892698311075461712

179 bande the Chopper (level 5, -1/33 HPs)
             Began as a Gargoyle Fighter on Jan 19, 2023.
             Killed from afar by a white imp (8 damage)
             ... with a puff of frost
             ... summoned by Natasha
             ... on level 4 of the Dungeon.
             The game lasted 00:03:51 (2336 turns).

bande the Chopper (Gargoyle Fighter)                Turns: 2336, Time: 00:03:51

Health: -1/33      AC: 16    Str: 19    XL:     5   Next: 59%
Magic:  5/5        EV:  5    Int:  9    God:
Gold:   134        SH:  4    Dex: 11    Spells: 4/4 levels left

rFire   . . .      SeeInvis .    a - +0 war axe
rCold   . . .      Faith    .    c - +0 buckler
rNeg    + . .      Spirit   .    m - +0 plate armour
rPois   ∞          Reflect  .    b - +0 helmet
rElec   +          Harm     .    (no cloak)
rCorr   .          Rampage  .    (no gloves)
Will    .....                    (no boots) Stlth
                                 (no amulet)
HPRegen 0.25/turn                (no ring)
MPRegen 0.09/turn                (no ring)

@: slowed, very slow
A: sickness immunity, AC +4, negative energy resistance 1, electricity
resistance, torment resistance 1, petrification resistance
a: no special abilities


You were on level 4 of the Dungeon.
You visited 1 branch of the dungeon, and saw 4 of its levels.

You collected 134 gold pieces.

Inventory:

Hand Weapons
 a - a +0 war axe (weapon)
 i - a +4 hand axe of electrocution
 o - a +0 flail
Armour
 b - a +0 helmet (worn)
 c - a +0 buckler (worn)
 m - a +0 plate armour (worn)
 p - a +2 ring mail of cold resistance
Scrolls
 k - a scroll of teleportation
 q - a scroll of identify
Potions
 d - a potion of might
 e - 3 potions of invisibility
 f - a potion of curing
 g - a potion of flight {unknown}
 h - a potion of magic {unknown}
 j - a potion of cancellation {unknown}
 l - 2 potions of heal wounds
 n - 3 potions of degeneration {unknown}


   Skills:
 + Level 4.0 Fighting
 + Level 4.0 Axes
 + Level 4.0 Armour
 - Level 0.1 Stealth
 + Level 3.7 Shields


You had 4 spell levels left.
You didn't know any spells.
Your spell library contained the following spells:

 Spells                   Type           Power      Damage    Failure   Level
 Shock                    Conj/Air       0%         1d3       100%        1
 Ensorcelled Hibernation  Hex/Ice        0%         N/A       100%        2
 Spider Form              Tmut/Pois      0%         N/A       100%        3
 Swiftness                Air            0%         N/A       100%        3
 Airstrike                Air            0%         2d(0-16)  100%        4
 Anguish                  Hex/Necr       0%         N/A       100%        4
 Petrify                  Tmut/Erth      0%         N/A       100%        4
 Metabolic Englaciation   Hex/Ice        0%         N/A       100%        5
 Statue Form              Tmut/Erth      Unusable   N/A       N/A         6

Dungeon Overview and Level Annotations

Branches:
Dungeon (4/15)
 Temple: D:4-7

Altars:
Yredelemnul

Annotations:
D:4 Natasha


Innate Abilities, Weirdness & Mutations

You are immune to sickness and miasma.
Your stone body is resilient. (AC +4)
You are immune to poison.
You resist negative energy. (rN+)
You are resistant to electric shocks. (rElec)
You are resistant to unholy torment.
You are immune to petrification.


Message History

The shadow imp is heavily wounded.
You barely miss the white imp. You closely miss Natasha.
Natasha howls an incantation.
You feel troubled. Natasha claws you but does no damage.
The shadow imp hits you but does no damage.
The white imp hits you but does no damage.
Natasha claws you but does no damage. The shadow imp hits you.
The white imp hits you but does no damage.
You hit the shadow imp.
The shadow imp is almost dead.
You completely miss the white imp. You hit Natasha.
Natasha completely misses you. The shadow imp gestures at you.
Pain shoots through your body!
The white imp hits you but does no damage.
Natasha stares at you and mumbles some strange words.
The magic dart hits you. The white imp hits you. The white imp freezes you.
The shadow imp gestures at you. Pain shoots through your body!
* * * LOW HITPOINT WARNING * * *
You are too injured to fight recklessly!
You are too injured to fight recklessly!
You are too injured to fight recklessly!
You are too injured to fight recklessly!
You are too injured to fight recklessly!
You are too injured to fight recklessly!
You are too injured to fight recklessly!
You are too injured to fight recklessly!
You are too injured to fight recklessly!
You are too injured to fight recklessly!
You are too injured to fight recklessly!
You closely miss Natasha.
Natasha is moderately wounded.
You closely miss the shadow imp. You hit the white imp but do no damage.
Natasha extends her claws.
Natasha claws you but does no damage. The white imp gestures at you.
The puff of frost hits you!
You die...

#.# ###.#
####...#
####.......
####.>...####.
####....##### .
#<######....####
. ......5.#####
. ......5@# .
......h.# .
........#
........#
........#
........#
#.......#
.......##


You could see Natasha (empowered), a white imp (summoned) and a shadow imp
(summoned).

Vanquished Creatures
  A necrophage (D:4)
  Natasha (D:4)
  A gnoll (D:1)
  2 adders
  A worm (D:2)
  3 dart slugs
  An orc (D:3)
  2 ball pythons
  4 endoplasms
  3 giant cockroaches
  7 hobgoblins
  9 kobolds
  2 quokkas (D:1)
  3 bats
  2 frilled lizards (D:1)
  9 goblins
  5 rats
56 creatures vanquished.

Notes
Turn   | Place    | Note
-------+----------+-------------------------------------------
     0 | D:1      | bande the Gargoyle Fighter began the quest for the Orb.
     0 | D:1      | Reached XP level 1. HP: 14/14 MP: 1/1
    75 | D:1      | Reached XP level 2. HP: 14/19 MP: 2/2
   393 | D:1      | Reached XP level 3. HP: 24/24 MP: 3/3
   450 | D:1      | Found a faded altar of an unknown god.
   864 | D:2      | Reached XP level 4. HP: 27/29 MP: 4/4
  1643 | D:3      | Found a basalt altar of Yredelemnul.
  2012 | D:4      | Noticed Natasha
  2021 | D:4      | Killed Natasha
  2147 | D:4      | Noticed a necrophage
  2154 | D:4      | Reached XP level 5. HP: 29/33 MP: 5/5
  2326 | D:4      | Noticed Natasha
  2336 | D:4      | Killed from afar by a white imp

Illustrated notes

Levels and vault maps discovered:
D:1:      minmay_arrival_solitary_statue, layout_basic,
          hellmonk_ecumenical_altar_pennies_from_heaven
D:2:      layout_basic
D:3:      layout_basic, mainiacjoe_overflow_small_starburst
D:4:      layout_cave_pods, general_overflow_altar,
          mainiacjoe_overflow_alcove_2, minmay_temple_entry_mini_moons,
          uniq_natasha

Skill      XL: |  1  2  3  4  5 |
---------------+----------------+-----
Axes           | 2 3 4 |  4.0
Fighting       | 4 |  4.0
Armour         | 4 |  4.0
Stealth        | |  0.1
Shields        | |  3.7

Action                   |  1- 3 |  4- 6 || total
-------------------------+-------+-------++-------
Melee: War axe           |   109 |    67 ||   176
  Use: Scroll            |     3 |     5 ||     8
Armor: Scale mail        |    48 |       ||    48
       Plate armour      |    18 |    54 ||    72
Dodge: Dodged            |    49 |    13 ||    62
Block: Buckler           |    25 |    15 ||    40

Table legend: (Time is in decaauts)
 A = Elapsed time spent in this place.
 B = Non-inter-level travel time spent in this place.
 C = Inter-level travel time spent in this place.
 D = Time resting spent in this place.
 E = Time spent auto-exploring this place.
 F = Levels seen in this place.
 G = Mean time per level.
                   A        B        C        D        E       F      G
               +--------+--------+--------+--------+--------+-----+--------+
         Total |   2410 |   2392 |     18 |    140 |   1713 |   4 |  602.5 |
       Dungeon |   2410 |   2392 |     18 |    140 |   1713 |   4 |  602.5 |
               +--------+--------+--------+--------+--------+-----+--------+

Top non-repeatable levels by time:
     D:2: 848 daAuts
     D:1: 628 daAuts
     D:3: 594 daAuts
     D:4: 338 daAuts
